AoeStats
← Leafey

Baltic

510633665Analyzed
2v2 RM · 2d ago on Oct 1, 2026· 51m 22s· 4 players
Game mode
Random Map
Map size
Medium (4 player)
Population
200
Speed
Normal
Resources
Standard
Victory
Conquest
Starting age
Dark Age
Ending age
Imperial Age
RankedLock teamsTeams togetherTeam positionsShared explorationLock speedFull tech treeHidden civsTurbo modeCheats
Victory
Defeat
🇫🇷 Mongols · France
586
+17
🇩🇴 Japanese · Dominican Republic
571
+18
🇬🇧 Bulgarians · United Kingdom
675
-21
🇺🇸 Vikings · United States
535
-14
Sayuri
2:38 Loom
16:12 Feudal Age
17:51 Arson
18:03 Double-Bit Axe
18:23 Horse Collar
19:21 Wheelbarrow
18:33 Town Watch
23:40 Gold Mining
23:40 Stone Mining
23:59 Man-at-Arms
30:07 Bloodlines
30:21 Scale Barding Armor
30:16 Scale Mail Armor
32:35 Fletching
36:55 Castle Age
36:03 Forging
35:53 Padded Archer Armor
37:17 Light Cavalry
37:58 Husbandry
38:05 Heavy Plow
38:23 Bow Saw
38:45 Chain Mail Armor
38:50 Chain Barding Armor
38:46 Leather Archer Armor
38:26 Bodkin Arrow
38:56 Caravan
39:51 Hand Cart
40:34 Town Patrol
41:35 Pikeman
42:16 Squires
44:15 Iron Casting
45:18 Nomads
48:23 Coinage
48:52 Demolition Ship
49:13 Fishing Lines
jorgerizek
1:07 Loom
13:21 Feudal Age
14:25 Double-Bit Axe
15:48 Wheelbarrow
20:41 Castle Age
19:11 Stone Mining
19:07 Horse Collar
19:52 Town Watch
19:59 Gold Mining
22:51 Bow Saw
26:09 Heavy Plow
27:25 Murder Holes
27:45 Medium Warships
28:46 Fortified Wall
34:24 Imperial Age
31:52 Crossbowman
38:29 Conscription
40:47 Capped Ram
44:49 Heavy Warships
46:08 Elite Samurai
50:36 Chemistry
51:16 Forging
51:06 Scale Mail Armor
Leafey
0:34 Loom
13:30 Feudal Age
14:18 Double-Bit Axe
16:29 Scale Mail Armor
17:28 Forging
18:38 Horse Collar
20:08 Arson
24:22 Castle Age
25:46 Iron Casting
25:26 Chain Mail Armor
25:26 Bow Saw
25:23 Gold Mining
31:37 Medium Warships
31:43 Squires
31:30 Gambesons
34:33 Imperial Age
34:03 Wheelbarrow
36:41 Blast Furnace
43:50 Bagains
46:54 Heavy Warships
50:01 Pikeman
gatormill
10:44 Feudal Age
12:14 Double-Bit Axe
23:40 Castle Age
25:11 Gold Mining
25:07 Horse Collar
25:39 Bow Saw
25:31 Stone Mining
27:42 Gold Shaft Mining
31:50 Chieftains
Connection lost

Rejoining the realm…

Still unreachable

The connection could not be restored.

Session expired

The server has moved on; the page needs a fresh start.